AoeStats
← RoR | Vodka_L_2

Arena

510293584Analyzed
1v1 RM · 2d ago on Sep 30, 2026· 26m 55s· 2 players
Game mode
Random Map
Map size
Tiny (2 player)
Population
200
Speed
Normal
Resources
Standard
Victory
Conquest
Starting age
Dark Age
Ending age
Imperial Age
RankedLock teamsTeams togetherTeam positionsShared explorationLock speedFull tech treeHidden civsTurbo modeCheats
Victory
Defeat
🇫🇮 Spanish · Finland
2587
+14
🇮🇹 Byzantines · Italy
2543
-14
RoR | Vodka_L_2
10:06 Feudal Age
13:34 Castle Age
12:09 Double-Bit Axe
14:44 Horse Collar
15:30 Loom
18:32 Bow Saw
25:41 Imperial Age
24:36 Bow Saw
Valas
9:59 Feudal Age
13:28 Castle Age
11:31 Double-Bit Axe
13:02 Loom
20:21 Horse Collar
21:12 Devotion
22:47 Town Watch
23:14 Bow Saw
23:00 Gold Mining
23:41 Fletching
Connection lost

Rejoining the realm…

Still unreachable

The connection could not be restored.

Session expired

The server has moved on; the page needs a fresh start.